 Dungeon Crawl Stone Soup version 0.18.1-50-g88ac8fd (webtiles) character file.

1288 varam the Digger (level 8, -2/45 HPs)
             Began as a Gargoyle Earth Elementalist on Oct 10, 2016.
             Shot with an arrow by a centaur (4 damage)
             ... on level 5 of the Dungeon.
             The game lasted 00:30:54 (6877 turns).

varam the Digger (Gargoyle Earth Elementalist)      Turns: 6877, Time: 00:30:54

Health: -2/45      AC:  9    Str: 12    XL:     8   Next: 55%
Magic:  1/17       EV: 12    Int: 18    God:
Gold:   240        SH:  0    Dex: 10    Spells: 4 memorised, 8 levels left

rFire  . . .     SeeInvis .     b - 47 stones
rCold  . . .     Gourm    .     f - +0 robe (curse)
rNeg   + . .     Faith    .     (no shield)
rPois  ∞         Spirit   .     l - +0 helmet
rElec  +         Dismiss  .     h - +0 cloak
rCorr  .         Reflect  .     (no gloves)
SustAt .         Harm     .     (no boots)
MR     .....     Rnd*Tele +     (no amulet)
Stlth  +.........               A - ring of teleportation (curse)
                                m - ring of loudness (curse)

@: very slightly contaminated, not resistant to hostile enchantments, very
unstealthy
A: negative energy resistance 1, electricity resistance, unbreathing,
petrification resistance, rot immunity, AC +5
a: no special abilities


You were on level 5 of the Dungeon.
You were not hungry.

You visited 1 branch of the dungeon, and saw 7 of its levels.

You collected 240 gold pieces.

Inventory:

Hand Weapons
 g - a +0 whip
 z - a +0 dagger of venom
Missiles
 b - 47 stones (in hand)
Armour
 f - a cursed +0 robe (worn)
 h - a +0 cloak (worn)
 l - a +0 helmet (worn)
Jewellery
 m - a cursed ring of loudness (left hand)
 s - an uncursed ring of positive energy
 y - an uncursed ring of poison resistance {unknown}
 A - a cursed ring of teleportation (right hand)
 F - an uncursed ring of magical power {unknown}
Wands
 v - a wand of polymorph (8/24)
Scrolls
 e - a scroll of noise
 o - a scroll of immolation
 r - 2 scrolls of enchant armour
 u - 2 scrolls of identify
 x - a scroll of teleportation
 C - a scroll of amnesia
Potions
 a - 2 potions of mutation {unknown}
 j - a potion of invisibility {unknown}
 k - a potion of lignification {unknown}
 p - 2 potions of degeneration {unknown}
 q - a potion of ambrosia {unknown}
 t - a potion of haste
 w - a potion of might {unknown}
 B - a potion of curing {unknown}
Books
 c - a book of Geomancy

   Spells                             Type                      Level
   a - Sandblast                      Earth                        1
   b - Passwall                       Transmutation/Earth          2
   c - Stone Arrow                    Conjuration/Earth            3
   d - Petrify                        Transmutation/Earth          4
   e - Lee's Rapid Deconstruction     Earth                        5
Comestibles
 d - 4 bread rations
 i - a beef jerky
 D - 2 fruits


   Skills:
 - Level 2.3 Fighting
 - Level 1.7 Maces & Flails
 - Level 2.4 Armour
 - Level 2.3 Dodging
 - Level 2.1 Stealth
 - Level 6.4 Spellcasting
 * Level 3.4 Conjurations
 - Level 0.7 Transmutations
 - Level 6.6 Earth Magic
 - Level 0.5 Evocations


You had 8 spell levels left.
You knew the following spells:

 Your Spells              Type           Power        Failure   Level  Hunger
a - Sandblast             Erth           ####..       1%          1    None
b - Passwall              Trmt/Erth      ###.......   4%          2    None
c - Stone Arrow           Conj/Erth      ###...       4%          3    ##.....
d - Lee's Rapid Deconstr  Erth           ####......   24%         5    #####..


Dungeon Overview and Level Annotations

Branches:
Dungeon (7/15)
 Temple: D:4-7

Altars:
Ashenzari
Makhleb
Pakellas
Sif Muna
Xom
Yredelemnul

Shops:
D:7 [


Innate Abilities, Weirdness & Mutations

You are resistant to torment.
Your stone body is resilient (AC +5).
You are immune to poison.
You resist negative energy.
You are resistant to electric shocks.
You can survive without breathing.
You are immune to petrification.
You are immune to rotting.


Message History

You see here an arrow.
The centaur shoots an arrow.
The arrow closely misses you.
You see here an arrow.
The centaur shoots an arrow.
The arrow hits you!
You see here an arrow.
The centaur shoots an arrow.
The arrow barely misses you.
The centaur shoots an arrow.
The arrow hits you!
* * * LOW HITPOINT WARNING * * *
You see here an arrow.
Casting: Sandblast
Confirm with . or Enter, or press ? or * to list all spells.
Aiming: Stone Arrow
Press: ? - help, Shift-Dir - straight line, f - centaur
Aim: a centaur, wielding a shortbow The stone arrow hits the centaur.
The centaur is heavily wounded.
The centaur shoots an arrow.
The arrow hits you!
* * * LOW HITPOINT WARNING * * *
The centaur shoots an arrow.
The arrow hits you.
You die...

..#.###################.# #.
#.#.# #.# #. #.#.# #.# #. #.#.#
############.# #. #.#.#
#............##### #. #.#.#
#.##########.....####. #.#.#
#.#....c(..#..........
#.#.########.#c####(........####.
#.#.##....).....@##.(.......# #.
..#..#.........#............# #.
####.#.......#####..........####.
........................c........
#.####.##....#####.........######
........#....##..................
..####..#...........#.#.#...#####
..###...#...........#...+........
.>..................#...#...#####


You could see a centaur.

Vanquished Creatures
  Grinder (D:3)
  Sigmund (D:2)
  2 ogres
  A centaur (D:5)
  2 giant frogs
  A scorpion (D:5)
  A crimson imp (D:5)
  A jelly (D:5)
  2 hounds
  Jessica (D:3)
  An orc wizard (D:4)
  2 iguanas (D:5)
  2 worker ants
  Robin (D:4)
  5 adders
  2 howler monkey skeletons (D:4)
  2 oozes
  10 worms
  2 dart slugs (D:1)
  5 giant geckos
  12 orcs
  6 giant cockroaches
  17 goblins
  9 hobgoblins
  6 jackals
  7 kobolds
  5 quokkas
  9 bats
  A giant gecko skeleton (D:6)
  7 giant newts
  A quokka skeleton (D:5)
  15 rats
140 creatures vanquished.

Notes
Turn   | Place    | Note
--------------------------------------------------------------
     0 | D:1      | varam the Gargoyle Earth Elementalist began the quest for the Orb.
     0 | D:1      | Reached XP level 1. HP: 10/10 MP: 3/3
    88 | D:1      | Reached XP level 2. HP: 15/15 MP: 3/5
   435 | D:1      | Reached XP level 3. HP: 19/19 MP: 2/7
   453 | D:1      | Learned a level 2 spell: Passwall
   457 | D:1      | Learned a level 3 spell: Stone Arrow
  1213 | D:2      | Noticed Sigmund
  1226 | D:2      | Found a faded altar to an unknown god.
  1310 | D:2      | Killed Sigmund
  1310 | D:2      | Reached skill level 5 in Earth Magic
  1310 | D:2      | Reached XP level 4. HP: 7/24 MP: 3/10
  1310 | D:2      | Reached XP level 5. HP: 8/28 MP: 3/11
  2266 | D:2      | Learned a level 5 spell: Lee's Rapid Deconstruction
  2290 | D:3      | Found a shattered altar of Ashenzari.
  2405 | D:3      | Found a burning altar of Makhleb.
  2609 | D:3      | Found a shimmering altar of Xom.
  2609 | D:3      | Found an oddly glowing altar of Pakellas.
  2610 | D:3      | Found a deep blue altar of Sif Muna.
  2648 | D:3      | Found a basalt altar of Yredelemnul.
  2684 | D:3      | Reached XP level 6. HP: 32/32 MP: 6/13
  2715 | D:3      | Noticed Jessica
  2716 | D:3      | Killed Jessica
  2919 | D:3      | Reached skill level 5 in Spellcasting
  3032 | D:3      | Noticed Grinder
  3548 | D:4      | Noticed Robin
  3835 | D:4      | Killed Robin
  4046 | D:4      | Reached XP level 7. HP: 36/36 MP: 12/15
  4564 | D:3      | Killed Grinder
  4564 | D:3      | Reached skill level 1 in Fighting
  4564 | D:3      | Reached skill level 1 in Maces & Flails
  4564 | D:3      | Reached skill level 1 in Armour
  5308 | D:5      | Entered Level 5 of the Dungeon
  5326 | D:5      | Reached XP level 8. HP: 43/43 MP: 11/17
  6224 | D:5      | Reached skill level 1 in Conjurations
  6734 | D:7      | Found Toum's Antique Armour Shoppe.
  6877 | D:5      | HP: 2/45 [centaur/arrow (7)]
  6877 | D:5      | Shot with an arrow by a centaur

Skill      XL: |  1  2  3  4  5  6  7  8 |
---------------+-------------------------+-----
Earth Magic    | 4 5 6 |  6.6
Spellcasting   | 4 5 6 |  6.4
Fighting       | 1 2 |  2.3
Maces & Flails | 1 |  1.7
Armour         | 2 |  2.4
Dodging        | 2 |  2.3
Conjurations   | 3 |  3.4
Stealth        | |  2.1
Transmutations | |  0.7
Evocations     | |  0.5

Action                   |  1- 3 |  4- 6 |  7- 9 || total
-------------------------+-------+-------+-------++-------
Melee: Whip              |     6 |     6 |       ||    12
       Dagger            |       |       |     3 ||     3
 Cast: Sandblast         |    58 |    70 |    48 ||   176
       Stone Arrow       |       |    25 |    40 ||    65
  Use: Scroll            |     1 |     3 |     4 ||     8
       Potion            |     1 |       |       ||     1
 Stab: Sleeping          |     1 |       |       ||     1
  Eat: Chunk             |     1 |     5 |     9 ||    15
       Bread ration      |       |     1 |       ||     1
       Fruit             |       |     1 |       ||     1
       Pizza             |       |       |     1 ||     1
Armor: Robe              |    17 |    10 |    17 ||    44
Dodge: Dodged            |    26 |    19 |    44 ||    89
